 Dungeon Crawl Stone Soup version 0.32-a0-913-g739538afd8 (webtiles) character file.

Game seed: 92910990768459080

97 smashvw the Changeling (level 4, -1/52 HPs)
             Began as a Draconian Shapeshifter on Apr 8, 2024.
             Slain by an orc warrior
             ... wielding a +0 scimitar
              (13 damage)
             ... on level 3 of the Dungeon.
             The game lasted 00:04:30 (2346 turns).

smashvw the Changeling (Draconian Shapeshifter)     Turns: 2346, Time: 00:04:31

Health: -1/52      AC: 22    Str: 18    XL:     4   Next: 42%
Magic:  4/4        EV:  2    Int: 11    God:
Gold:   119        SH:  0    Dex: 10    Spells: 3/3 levels left

rFire   . .          .
                       - Unarmed
rCold   . . .        (no shield)
rNeg    . . .        (body armour unavailable)
rPois   +            (helmet currently unavailable)
rElec   .            (cloak currently unavailable)
rCorr   .            (gloves currently unavailable)
SInv    .            (boots currently unavailable)
Will    .....        (no amulet)
Stlth   +            (no ring)
HPRegen 0.28/turn    (no ring)
MPRegen 0.09/turn

%: no passive effects
@: tree-form
A: stationary, stasis, torment immunity, boosted hp, AC +5, unfitting armour,
(cold-blooded)
a: no special abilities


You were on level 3 of the Dungeon.
You were a tree.
You visited 1 branch of the dungeon, and saw 4 of its levels.

You collected 119 gold pieces.

Inventory:

Armour
 e - a +0 kite shield
 l - the +2 ratskin cloak {*Rats rPois rN+ Str-1 Int-1 Dex+1}
   (You found it on level 3 of the Dungeon)

   *Rats:     When the wearer is hurt, rats may emerge from it to assist them.
   Str-1:     It affects your strength (-1).
   Int-1:     It affects your intelligence (-1).
   Dex+1:     It affects your dexterity (+1).
   rPois:     It protects you from poison.
   rN+:       It protects you from negative energy.
Talismans
 b - a beast talisman (active)
 c - a flux talisman
Scrolls
 d - 2 scrolls of fear {unknown}
 f - a scroll of amnesia {unknown}
 h - a scroll of identify {unknown}
 i - a scroll of fog {unknown}
 j - a scroll of revelation {unknown}
 k - a scroll of poison {unknown}
 m - a scroll of teleportation {unknown}
Potions
 a - a potion of lignification
 g - 3 potions of curing {unknown}


   Skills:
 - Level 1.1 Fighting
 - Level 1.7 Dodging
 - Level 3.0 Unarmed Combat
 + Level 5.0 Shapeshifting


You had 3 spell levels left.
You didn't know any spells.
Your spell library contained the following spells:

 Spells                   Type           Power      Damage    Failure   Level
 Slow                     Hex            0%         N/A       34%         1
 Confusing Touch          Hex            0%         N/A       71%         3
 Vampiric Draining        Necr           0%         2d6       71%         3


Dungeon Overview and Level Annotations

Branches:
Dungeon (4/15)
 Temple: D:4-7

Altars:

Annotations:
D:3 2 runed translucent doors, EvilEddieB's ghost, amateur DsNe


Innate Abilities, Weirdness & Mutations

You are a tree.
Your roots penetrate the ground, keeping you stationary.
You cannot be teleported.
You are immune to unholy pain and torment.
Your maximum health is greatly increased.
Your equipment is partially melded.
((Your plain brown scales are hard. (AC +5)))
You cannot fit into any form of body armour.
((You are cold-blooded and may be slowed by cold attacks.))


Message History

You climb downwards.
The orc warrior shouts!
You hear an angry hiss.
You hear a shout! x2
There is a stone staircase leading up here.
There are monsters nearby!
The hobgoblin shouts!
A ball python comes into view.
The ball python hisses angrily.
A jelly comes into view.
A kobold brigand comes into view.
It is wielding a +0 dagger and quivering poisoned darts.
The kobold brigand shouts!
You hear a shout!
The orc warrior barely misses you.
The hobgoblin hits you but does no damage.
You climb upwards.
Level annotation: 2 runed translucent doors, EvilEddieB's ghost, amateur DsNe
There is a stone staircase leading down here.
You hit the orc warrior but do no damage.
The hobgoblin hits you.
The orc warrior hits you but does no damage.
You hit the orc warrior but do no damage.
The orc warrior hits you with a +0 scimitar!
The hobgoblin barely misses you.
You hit the orc warrior but do no damage.
You closely miss the orc warrior.
Your tail-slap misses the orc warrior.
The orc warrior hits you with a +0 scimitar!
* * * LOW HITPOINT WARNING * * *
The hobgoblin barely misses you.
You barely miss the orc warrior. The orc warrior completely misses you.
The hobgoblin hits you but does no damage.
Your transformation has ended.
You turn into a tree.
Your roots penetrate the ground.
The orc warrior barely misses you.
The hobgoblin hits you but does no damage.
You hit the orc warrior but do no damage.
The orc warrior hits you with a +0 scimitar.
* * * LOW HITPOINT WARNING * * *
The hobgoblin hits you but does no damage.
You smack the orc warrior!
The orc warrior is heavily wounded.
The orc warrior hits you with a +0 scimitar!
You die...

#.# #.......# #.#.#
#.####÷÷###..# ##.## #.......#
#.(# #.# #.#####.###.## #.#
#...###.....# #.# ##.#.......###
#.# ...###'###.#
#####(############
...#≈≈~≈≈#.#####g....##..........
.#.#≈~≈~≈#.....o♣######.......###
##.#~≈~≈~#.#######.......###..###
###≈~≈~≈#.# #.#.....#.....>.
###'###.# #.#.....<.....#. ###.#
#.# #.#.....##....#.
####...###.## #.##.#..........
.....####..)# #............##.
####.# #...# ####....##.####.
####.# #...##### #..).##......


You could see an orc warrior and a hobgoblin.

Vanquished Creatures
  A gnoll (D:1)
  2 dart slugs
  5 orcs (D:3)
  7 endoplasms
  4 giant cockroaches
  7 goblins
  7 hobgoblins
  5 jackals (D:3)
  5 kobolds
  4 quokkas
  5 ball pythons
  7 bats
  3 frilled lizards
  6 rats
68 creatures vanquished.

Notes
Turn   | Place    | Note
-------+----------+-------------------------------------------
     0 | D:1      | smashvw the Draconian Shapeshifter began the quest for the
                  | Orb.
     0 | D:1      | Reached XP level 1. HP: 16/16 MP: 1/1
    56 | D:1      | Reached XP level 2. HP: 11/23 MP: 2/2
   284 | D:1      | Reached skill level 4 in Shapeshifting
   311 | D:1      | Reached XP level 3. HP: 21/28 MP: 3/3
   721 | D:1      | Found a faded altar of an unknown god.
  1143 | D:2      | Identified the +6 whip "Seompol" {venom, rC++ Str+3 Dex-5
                  | Stlth+}
  1491 | D:3      | Found a runed translucent door.
  1494 | D:3      | Noticed EvilEddieB's ghost (amateur DsNe)
  1531 | D:3      | Reached XP level 4. HP: 35/35 MP: 4/4
  1950 | D:3      | Reached skill level 5 in Shapeshifting
  1975 | D:3      | Found a runed translucent door.
  2020 | D:3      | Found the +2 ratskin cloak {*Rats rPois rN+ Str-1 Int-1
                  | Dex+1}
  2331 | D:4      | Noticed an orc warrior
  2336 | D:4      | Noticed a kobold brigand
  2346 | D:3      | Slain by an orc warrior

Illustrated notes

Levels and vault maps discovered:
D:1:      co_arrival_square_in_a_square_in_a_square, layout_basic,
          chequers_ecumenical_altar_lobes, chequers_arboretum
D:2:      layout_rooms, kennysheep_doodads
D:3:      layout_loops_cross, ebering_ghost_sewer_f, serial_rivers,
          chequers_serial_rivers_micro_a, chequers_serial_rivers_room_b,
          chequers_serial_rivers_micro_c, chequers_serial_rivers_room_b,
          chequers_serial_rivers_micro_d
D:4:      minmay_razor_zed, layout_layer_cave, grunt_decor_resistance,
          minmay_manual_monstrance

Skill      XL: |  1  2  3  4 |
---------------+-------------+-----
Shapeshifting  | 4 5 |  5.0
Fighting       | |  1.1
Dodging        | |  1.7
Unarmed Combat | |  3.0

Action                     |  1- 3 |  4- 6 || total
---------------------------+-------+-------++-------
  Melee: Unarmed           |   136 |    51 ||   187
         Punch             |     3 |     1 ||     4
         Tailslap          |    14 |     2 ||    16
    Use: Potion            |       |     1 ||     1
   Stab: Sleeping          |     1 |       ||     1
 Armour: Skin              |    90 |    31 ||   121
  Dodge: Dodged            |    71 |    31 ||   102

Table legend: (Time is in decaauts)
 A = Elapsed time spent in this place.
 B = Non-inter-level travel time spent in this place.
 C = Inter-level travel time spent in this place.
 D = Time resting spent in this place.
 E = Time spent auto-exploring this place.
 F = Levels seen in this place.
 G = Mean time per level.
                   A        B        C        D        E       F      G
               +--------+--------+--------+--------+--------+-----+--------+
         Total |   2344 |   2307 |     37 |      0 |   1900 |   4 |  586.0 |
       Dungeon |   2344 |   2307 |     37 |      0 |   1900 |   4 |  586.0 |
               +--------+--------+--------+--------+--------+-----+--------+

Top non-repeatable levels by time:
     D:1: 943 daAuts
     D:3: 903 daAuts
     D:2: 491 daAuts
     D:4: 6 daAuts
